 Dungeon Crawl Stone Soup version 0.20.0-15-g7f486f2 (webtiles) character file.

4419 greprep the Carver (level 10, -18/83 (84) HPs)
             Began as a Minotaur Fighter on June 9, 2017.
             Was an Initiate of Ashenzari.
             Demolished by an orc knight
             ... wielding a +0 halberd
              (26 damage)
             ... in a bailey.
             The game lasted 00:14:10 (7006 turns).

greprep the Carver (Minotaur Fighter)               Turns: 7006, Time: 00:14:11

HP:   -18/83 (84)   AC: 15    Str: 29    XL:     10   Next: 14%
MP:   9/9           EV: 11    Int:  9    God:    Ashenzari [......]
Gold: 441           SH: 12    Dex: 10    Spells: 9/9 levels left

rFire    . . .     SeeInvis .   a - +0 long sword
rCold    . . .     Gourm    .   c - +0 shield
rNeg     + . .     Faith    .   I - +3 chain mail of the Vacuum {rN+ Int+4}
rPois    +         Spirit   .   (helmet restricted)
rElec    .         Reflect  .   (no cloak)
rCorr    .         Harm     .   C - +0 pair of gloves
MR       .....                  (no boots)
Stlth    ..........             (no amulet)
Regen    0.3/turn               M - +2 ring of evasion
MPRegen  0.2/turn               x - ring of poison resistance

@: mighty
A: retaliatory headbutt, horns 2
a: Curse Item, Renounce Religion


You were in a bailey.
You worshipped Ashenzari.
Ashenzari was noncommittal.
You were very hungry.

You visited 2 branches of the dungeon, and saw 9 of its levels.
You also visited: Sewer and Bailey.

You collected 441 gold pieces.

Inventory:

Hand Weapons
 a - a +0 long sword (weapon)
Armour
 c - a +0 shield (worn)
 C - a +0 pair of gloves (worn)
 E - a +0 large shield
 I - the +3 chain mail of the Vacuum (worn) {rN+ Int+4}
   (You found it on level 6 of the Dungeon)

   It affects your intelligence (+4).
   It protects you from negative energy.
Jewellery
 b - an uncursed ring of protection from fire
 x - a ring of poison resistance (right hand)
 D - an uncursed ring of protection from cold
 G - an uncursed ring of positive energy
 M - a +2 ring of evasion (left hand)
 P - an uncursed ring of magical power
Wands
 l - a wand of paralysis (16/24)
 y - a wand of flame (20/48)
 z - a wand of flame (0/48)
 J - a wand of lightning (3/15)
Scrolls
 e - a scroll of recharging {unknown}
 g - 5 scrolls of teleportation {unknown}
 h - 5 scrolls of magic mapping {unknown}
 i - 7 scrolls of identify
 s - a scroll of amnesia {unknown}
 t - 2 scrolls of random uselessness {unknown}
 u - a scroll of fear {unknown}
 A - a scroll of noise {unknown}
 K - a scroll of immolation {unknown}
 N - a scroll of enchant weapon {unknown}
Potions
 d - 5 potions of might
 j - a potion of resistance {unknown}
 m - 4 potions of agility {unknown}
 n - 2 potions of lignification {unknown}
 q - 3 potions of brilliance {unknown}
 r - 7 potions of heal wounds {unknown}
 w - 8 potions of curing {unknown}
 B - a potion of haste
 F - 3 potions of flight {unknown}
 H - a potion of degeneration {unknown}
 L - 2 potions of mutation {unknown}
 Q - 2 potions of magic {unknown}
Books
 p - a book of Flames

   Spells                             Type                      Level
   a - Flame Tongue                   Conjuration/Fire             1
   b - Throw Flame                    Conjuration/Fire             2
   c - Conjure Flame                  Conjuration/Fire             3
   d - Inner Flame                    Hexes/Fire                   3
   e - Sticky Flame                   Conjuration/Fire             4
   f - Fireball                       Conjuration/Fire             5
Comestibles
 f - 5 bread rations
 k - 5 meat rations
 o - a royal jelly
 v - a fruit


   Skills:
 + Level 6.4 Fighting
 * Level 12.5 Long Blades
 + Level 7.7 Armour
 + Level 4.3 Dodging
 + Level 8.1 Shields
 + Level 0.1 Evocations


You had 9 spell levels left.
You didn't know any spells.

Dungeon Overview and Level Annotations

Branches:
Dungeon (8/15)             Temple (1/1) D:6
   Lair: D:8-11

Altars:
Ashenzari
Cheibriados
Dithmenos
Elyvilon
Fedhas
Gozag
Hepliaklqana
Kikubaaqudgha
Makhleb
Nemelex Xobeh
Okawaru
Qazlal
Ru
Sif Muna
Trog
Uskayaw
Vehumet
Xom
Yredelemnul
Zin
The Shining One

Shops:
D:4 :(%=%


Innate Abilities, Weirdness & Mutations

You reflexively headbutt those who attack you in melee.
You have a pair of horns on your head.


Message History

The orc knight is lightly wounded.
You block the orc warrior's attack.
You hit the orc knight.
The orc knight is lightly wounded.
The orc knight closely misses you. You furiously retaliate!
You headbutt the orc knight. The orc warrior closely misses you.
You barely miss the orc knight.
The orc knight is lightly wounded.
You block the orc knight's attack.
You hit the orc knight but do no damage.
You headbutt the orc knight.
The orc knight is lightly wounded.
The orc warrior hits you from afar with a halberd!!
* * * LOW HITPOINT WARNING * * *
The orc knight roars a battlecry!
The orc knight goes into a battle-frenzy!
Okay, then.
You feel very mighty all of a sudden.
The orc knight hits you with a halberd!!
You die...

### ###### ##∩##
###
##.....##.∩.##...
#..≈≈≈..#..(#..≈≈
#.≈≈)≈≈..(....≈≈o
+.≈.oo≈.......≈oo
#.≈≈o≈≈.......≈≈o≈
#..≈≈≈.(#o.o#..≈≈≈
##.....##@..##....
###### ##∩## ####
###


You could see 2 orc knights, an orc warrior and 2 orcs.

Vanquished Creatures
  A two-headed ogre (D:8)
  Pikel (D:7)
  A troll (D:8)
  Prince Ribbit (D:6)
  3 hippogriffs
  A shadow (D:8)
  A wraith (D:8)
  An orc warrior (Bailey)
  3 sky beasts
  3 slaves (D:7)
  2 necrophages
  3 centaurs
  An ogre (D:7)
  2 big kobolds (Sewer)
  A bullfrog (D:6)
  A water moccasin zombie (D:5)
  5 wights (D:8)
  A killer bee (D:8)
  A howler monkey (D:4)
  A centaur zombie (D:7)
  6 hounds
  A quasit (D:7)
  4 iguanas
  Ijyb (D:3)
  3 orc wizards
  3 worker ants
  2 adders
  3 oozes
  An adder skeleton (D:6)
  4 worms
  3 dart slugs
  4 leopard geckos
  23 orcs
  3 ball pythons
  6 giant cockroaches
  7 goblins
  6 hobgoblins
  7 jackals
  5 quokkas
  6 bats
  8 frilled lizards
  21 kobolds
  A leopard gecko skeleton (D:6)
  11 rats
173 creatures vanquished.

Notes
Turn   | Place    | Note
-------+----------+-------------------------------------------
     0 | D:1      | greprep the Minotaur Fighter began the quest for the Orb.
     0 | D:1      | Reached XP level 1. HP: 19/19 MP: 0/0
   171 | D:1      | Reached XP level 2. HP: 27/27 MP: 1/1
   685 | D:2      | Found a faded altar of an unknown god.
   710 | D:2      | Reached skill level 3 in Long Blades
   784 | D:2      | Reached XP level 3. HP: 24/33 MP: 2/2
  1380 | D:3      | Reached skill level 4 in Long Blades
  1380 | D:3      | Reached XP level 4. HP: 19/40 MP: 3/3
  1542 | D:3      | Noticed Ijyb
  1552 | D:3      | Killed Ijyb
  1716 | D:3      | Reached skill level 5 in Long Blades
  2045 | D:3      | Reached XP level 5. HP: 40/46 MP: 4/4
  2582 | D:4      | Found Weder's Book Boutique.
  2648 | D:4      | Found Ytous's Food Shop.
  2678 | D:4      | Found Tebagino's Jewellery Shop.
  2709 | D:4      | Reached skill level 6 in Long Blades
  2709 | D:4      | Reached skill level 1 in Dodging
  2709 | D:4      | Reached XP level 6. HP: 49/52 MP: 5/5
  2844 | D:4      | Found Uterywn's Food Emporium.
  2853 | D:4      | Found Xumaff's Weapon Shop.
  3093 | D:5      | Entered Level 5 of the Dungeon
  3295 | D:5      | Noticed a sky beast
  3320 | D:5      | Killed a sky beast
  3320 | D:5      | Reached skill level 7 in Long Blades
  3320 | D:5      | Reached skill level 5 in Armour
  3657 | D:5      | Found a glowing drain.
  3690 | Sewer    | Entered a sewer
  3873 | Sewer    | Reached XP level 7. HP: 59/59 MP: 6/6
  4512 | D:6      | Reached skill level 5 in Shields
  4564 | D:6      | Got an encrusted chain mail
  4576 | D:6      | Reached skill level 8 in Long Blades
  4595 | D:6      | Identified the +3 chain mail of the Vacuum {rN+ Int+4} (You found it on level 6 of the Dungeon)
  4702 | D:6      | Reached XP level 8. HP: 52/66 MP: 7/7
  4782 | D:6      | Noticed Prince Ribbit
  4785 | D:6      | Found a staircase to the Ecumenical Temple.
  4805 | D:6      | Killed Prince Ribbit
  4805 | D:6      | Reached skill level 9 in Long Blades
  4810 | Temple   | Entered the Ecumenical Temple
  4822 | Temple   | Became a worshipper of Ashenzari the Shackled
  5113 | D:6      | Noticed a hippogriff
  5120 | D:6      | Killed a hippogriff
  5120 | D:6      | Reached skill level 5 in Fighting
  5446 | D:7      | Reached skill level 10 in Long Blades
  5597 | D:7      | Noticed a hippogriff
  5607 | D:7      | Killed a hippogriff
  5917 | D:7      | Reached XP level 9. HP: 73/73 MP: 8/8
  6200 | D:7      | Reached skill level 11 in Long Blades
  6229 | D:7      | Noticed Pikel
  6258 | D:7      | Killed Pikel
  6511 | D:8      | Reached skill level 12 in Long Blades
  6619 | D:8      | Noticed a two-headed ogre
  6635 | D:8      | Killed a two-headed ogre
  6645 | D:8      | Reached XP level 10. HP: 55/82 MP: 9/9
  6697 | D:8      | Found a flagged portal.
  6947 | Bailey   | Entered a bailey
  6947 | Bailey   | Noticed an orc knight
  6950 | Bailey   | Noticed an orc knight
  6999 | Bailey   | Noticed an orc knight
  7006 | Bailey   | Demolished by an orc knight

Skill      XL: |  1  2  3  4  5  6  7  8  9 10 |
---------------+-------------------------------+-----
Long Blades    | 3 4 5 6 7 8 10 12 | 12.5
Armour         | 4 5 6 7 |  7.7
Fighting       | 4 5 6 |  6.4
Shields        | 4 5 7 8 |  8.1
Dodging        | 1 2 3 4 |  4.3
Evocations     | |  0.1

Action                   |  1- 3 |  4- 6 |  7- 9 | 10-12 || total
-------------------------+-------+-------+-------+-------++-------
Melee: Long sword        |    95 |   146 |   259 |    37 ||   537
       Headbutt          |     9 |    28 |    71 |     7 ||   115
Evoke: Wand              |       |       |       |    19 ||    19
  Use: Potion            |       |     1 |       |     1 ||     2
       Scroll            |       |       |     1 |     2 ||     3
  Eat: Chunk             |     1 |     7 |     3 |       ||    11
       Fruit             |       |     3 |       |       ||     3
       Meat ration       |       |       |     1 |       ||     1
Armor: Scale mail        |    40 |    55 |    24 |       ||   119
       Chain mail        |       |       |    86 |    15 ||   101
Dodge: Dodged            |    27 |    44 |   100 |    19 ||   190
Block: Shield            |    44 |    69 |   145 |    30 ||   288
       Rpst.: Long sword |     7 |    11 |    33 |     2 ||    53
